 Dungeon Crawl Stone Soup version 0.28.0-43-g3370ac3207 (webtiles) character file.

Game seed: 6051793643698545658

67 pkoi the Firebug (level 4, 0/36 HPs)
             Began as a Naga Fire Elementalist on Mar 22, 2022.
             Slain by an orc priest
             ... wielding a +0 war axe
              (7 damage)
             ... on level 3 of the Dungeon.
             The game lasted 00:03:54 (3501 turns).

pkoi the Firebug (Naga Fire Elementalist)           Turns: 3501, Time: 00:03:55

Health: 0/36       AC:  4    Str: 11    XL:     4   Next: 18%
Magic:  1/7        EV:  9    Int: 17    God:
Gold:   58         SH:  0    Dex: 11    Spells: 1/7 levels left

rFire   . . .      SeeInvis +   f - +0 whip
rCold   . . .      Faith    .   (no shield)
rNeg    . . .      Spirit   .   a - +1 robe
rPois   +          Reflect  .   (no helmet)
rElec   .          Harm     .   p - +0 cloak
rCorr   .          Rampage  .   (no gloves)
Will    .....                   (no barding)
Stlth   ++........              (no amulet)
HPRegen 0.12/turn               (no ring)
MPRegen 0.10/turn               (no ring)

@: short of breath, very slightly contaminated, very slow
A: AC +1, large, see invisible, deformed body, poison resistance, slowness 2,
spit poison 1, naga tail 1
a: Spit Poison


You were on level 3 of the Dungeon.
You visited 1 branch of the dungeon, and saw 3 of its levels.

You collected 58 gold pieces.

Inventory:

Hand Weapons
 f - a +0 whip (weapon)
 g - a +1 dagger
 h - a +0 short sword
Missiles
 b - a throwing net
 c - 6 javelins
Armour
 a - a +1 robe (worn)
 p - a +0 cloak (worn)
Jewellery
 j - a ring of protection from fire
Scrolls
 d - 2 scrolls of identify
 l - a scroll of immolation {unknown}
 m - a scroll of torment {unknown}
 n - a scroll of vulnerability {unknown}
 o - a scroll of summoning {unknown}
 q - a scroll of amnesia
Potions
 e - a potion of heal wounds
 i - a potion of attraction {unknown}
 k - a potion of curing {unknown}


   Skills:
 - Level 1.5 Dodging
 + Level 3.7 Stealth
 - Level 2.0 Spellcasting
 - Level 2.2 Conjurations
 + Level 1.1 Hexes
 + Level 3.9 Fire Magic


You had one spell level left.
You knew the following spells:

 Your Spells              Type           Power      Damage    Failure   Level
a - Foxfire               Conj/Fire      48%        2x1d6     5%          1
b - Scorch                Fire           30%        2d7       6%          2
c - Inner Flame           Hex/Fire       10%        N/A       21%         3

Your spell library contained the following spells:

 Spells                   Type           Power      Damage    Failure   Level
 Conjure Flame            Conj/Fire      12%        6-21      17%         3
 Flame Wave               Conj/Fire      12%        2d6       50%         4


Dungeon Overview and Level Annotations

Branches:
Dungeon (3/15)

Altars:


Innate Abilities, Weirdness & Mutations

Your serpentine skin is tough. (AC +1)
You have supernaturally acute eyesight. (SInv)
Armour fits poorly on your strangely shaped body.
Your system is resistant to poisons. (rPois)
You cover ground very slowly.
You can spit poison.
You have a snake-like lower body.


Message History

Casting: Foxfire (safe; 5% risk of failure)
Press: ? - help, Q - select action, (/) - cycle Dir - look around, f - activate You conjure some foxfire!
The orc hits you with a +0 morningstar!
* * * LOW HITPOINT WARNING * * *
Unknown command.
You closely miss the orc.
The foxfire hits the orc.
You kill the orc!
The foxfire hits the orc priest.
The orc priest is moderately wounded.
You hit the orc priest.
The orc priest is moderately wounded.
The orc priest hits you with a +0 war axe.
* * * LOW HITPOINT WARNING * * *
Unknown command.
Casting: Foxfire (safe; 5% risk of failure)
Press: ? - help, Q - select action, (/) - cycle Dir - look around, f - activate You conjure some foxfire!
The foxfire hits the orc priest.
The orc priest is severely wounded.
The orc wizard gestures wildly while chanting.
The orc wizard flickers and vanishes for a moment.
Aiming: Spit Poison (1% risk of failure)
Press: ? - help, Shift-Dir - straight line, f - orc
Aim: an orc, wielding a +0 short sword and wearing a +0 leather armour (59% to hit)
The splash of poison hits the orc.
The orc is poisoned.
The orc is moderately wounded.
The foxfire hits the orc priest.
The orc priest is severely wounded.
The orc barely misses you.
Unknown command.
You aren't carrying any items that you can evoke.
Unknown command.
Casting: Foxfire (safe; 5% risk of failure)
Confirm with . or Enter, or press ? or * to list all spells.
You miscast Scorch.
You are very lightly contaminated with residual magic.
Nothing appears to happen.
The orc priest hits you with a +0 war axe!
You die...

... ...# .. #..# ##.. #
#..#.##.# #..#.##.# #
##........ #
########...####.# ..# ###
#...............# .o###
..# #.######..=####.+ ⌠...
..###...........@oo.## o..
..............##o##..## o.
..###########.##.###..##.#
..# #.##.# ##..#.# ###
#.##.# ##o†.# # #.##.#
##### # #.##.# . #.# . #.#


You could see an orc priest, an orc wizard (invisible) and an orc (poisoned).

Vanquished Creatures
  An adder (D:2)
  3 worms (D:2)
  A dart slug (D:1)
  An orc (D:3)
  2 ball pythons
  4 endoplasms
  3 giant cockroaches
  7 goblins
  2 hobgoblins
  4 jackals (D:2)
  3 kobolds
  2 quokkas
  4 bats
  4 rats
41 creatures vanquished.

Vanquished Creatures (others)
  107 foxfires
107 creatures vanquished.

Grand Total: 148 creatures vanquished

Notes
Turn   | Place    | Note
-------+----------+-------------------------------------------
     0 | D:1      | pkoi the Naga Fire Elementalist began the quest for the
                  | Orb.
     0 | D:1      | Reached XP level 1. HP: 15/15 MP: 3/3
   299 | D:1      | Reached XP level 2. HP: 22/22 MP: 0/5
  1720 | D:2      | Reached XP level 3. HP: 28/28 MP: 3/6
  2062 | D:2      | Learned a level 2 spell: Scorch
  2066 | D:2      | Learned a level 3 spell: Inner Flame
  3211 | D:2      | Found a faded altar of an unknown god.
  3245 | D:2      | Reached XP level 4. HP: 29/36 MP: 1/7
  3354 | D:3      | Reached skill level 1 in Hexes
  3501 | D:3      | Slain by an orc priest

Illustrated notes

Levels and vault maps discovered:
D:1:      nicolae_arrival_washed_ashore, layout_basic
D:2:      layout_loops_ring, shapermc_ecumenical_altar_mp_ritualfount,
          roderic_lattice_a
D:3:      layout_loops_ring, okawaru_trees_2, gammafunk_ghost_icy,
          grunt_ministairs_15, minmay_misc_feat_hallway

Skill      XL: |  1  2  3  4 |
---------------+-------------+-----
Conjurations   | 2 |  2.2
Hexes          | 1 |  1.1
Dodging        | |  1.5
Stealth        | |  3.7
Spellcasting   | |  2.0
Fire Magic     | |  3.9

Action                   |  1- 3 |  4- 6 || total
-------------------------+-------+-------++-------
Melee: Whip              |    42 |     6 ||    48
       Punch             |     2 |       ||     2
 Cast: Foxfire           |    59 |    12 ||    71
       Scorch            |     3 |       ||     3
 Abil: Spit Poison       |     4 |     1 ||     5
  Use: Scroll            |     4 |       ||     4
Armor: Robe              |    21 |     3 ||    24
Dodge: Dodged            |    19 |     3 ||    22
